 Dungeon Crawl Stone Soup version 0.28-a0-1447-ga5a8893891 (webtiles) character file.

Game seed: 3160659359784407119

150 Shayle the Grasshopper (level 5, -1/43 HPs)
             Began as a Gnoll Warper on Jan 10, 2022.
             Was an Initiate of Kikubaaqudgha.
             Succumbed to Blork the orc's poison
             ... on level 4 of the Dungeon.
             The game lasted 00:06:46 (2615 turns).

Shayle the Grasshopper (Gnoll Warper)               Turns: 2615, Time: 00:06:46

Health: -1/43      AC: 13    Str:  8 (11) XL:     5   Next: 32%
Magic:  12/12      EV:  3    Int: 10 (12) God:    Kikubaaqudgha [......]
Gold:   28         SH:  3    Dex: 11 (13) Spells: 14/14 levels left

rFire   . . .      SeeInvis .     - Unarmed
rCold   . . .      Faith    .   m - +0 buckler
rNeg    . . .      Spirit   .   d - +0 chain mail
rPois   .          Reflect  .   (no helmet)
rElec   .          Harm     .   (no cloak)
rCorr   .          Rampage  .   (no gloves)
Will    .....                   (no boots)
Stlth   ..........              (no amulet)
HPRegen 0.14/turn               l - +4 ring of protection
MPRegen 0.13/turn               (no ring)

@: lethally poisoned (-1 -> -14), about to teleport
A: fangs 1, strong nose, distributed training
a: Renounce Religion


You were on level 4 of the Dungeon.
You worshipped Kikubaaqudgha.
Kikubaaqudgha was noncommittal.
You visited 1 branch of the dungeon, and saw 4 of its levels.

You collected 82 gold pieces.
You spent 54 gold pieces at shops.

Inventory:

Armour
 a - a +0 leather armour
 d - a +0 chain mail (worn)
 m - a +0 buckler (worn)
 n - a +0 kite shield
Jewellery
 l - a +4 ring of protection (left hand)
Scrolls
 f - 2 scrolls of identify {unknown}
 g - a scroll of amnesia {unknown}
 h - a scroll of vulnerability {unknown}
 i - a scroll of silence {unknown}
 j - a scroll of teleportation
 k - a scroll of noise {unknown}
 p - a scroll of magic mapping {unknown}


   Skills:
 + Level 4.7 Fighting
 + Level 1.4 Short Blades
 + Level 1.4 Long Blades
 + Level 1.4 Axes
 + Level 1.4 Maces & Flails
 + Level 1.4 Polearms
 + Level 1.4 Staves
 + Level 1.4 Slings
 + Level 1.4 Bows
 + Level 1.4 Crossbows
 + Level 2.9 Throwing
 + Level 2.9 Armour
 + Level 4.7 Dodging
 + Level 1.4 Stealth
 + Level 1.4 Shields
 + Level 4.7 Unarmed Combat
 + Level 5.2 Spellcasting
 + Level 1.1 Conjurations
 + Level 1.1 Hexes
 + Level 1.1 Summonings
 + Level 1.1 Necromancy
 + Level 5.5 Translocations
 + Level 1.1 Transmutations
 + Level 1.1 Fire Magic
 + Level 1.1 Ice Magic
 + Level 1.1 Air Magic
 + Level 1.1 Earth Magic
 + Level 1.1 Poison Magic
 + Level 1.6 Invocations
 + Level 1.4 Evocations


You had 14 spell levels left.
You didn't know any spells.
Your spell library contained the following spells:

 Spells                   Type           Power      Damage    Failure   Level
 Blink                    Tloc           26%        N/A       100%        2
 Gell's Gravitas          Tloc           13%        N/A       100%        3
 Lesser Beckoning         Tloc           13%        N/A       100%        3
 Teleport Other           Tloc           13%        N/A       100%        3
 Manifold Assault         Tloc           13%        N/A       100%        5


Dungeon Overview and Level Annotations

Branches:
Dungeon (4/15)
 Temple: D:4-7

Altars:
Cheibriados
Kikubaaqudgha

Shops:
D:3 :=![*

Annotations:
D:4 Blork the orc


Innate Abilities, Weirdness & Mutations

You have very sharp teeth.
Your uncanny sense of smell can sniff out nearby items.
Your experience applies equally to all skills.


Message History

Blork the orc hits you with a +2 battleaxe of venom!
You aren't carrying any items that you can evoke.
Unknown command.
Throw: boomerang (disperse)
Press: ? - help, Q - select action Shift-Dir - straight line, f - Blork the orc
Aim: Blork the orc, wielding a +2 battleaxe of venom and wearing a +0 robe (lightly wounded, 64% to hit)
You throw a boomerang of dispersal.
The boomerang of dispersal closely misses Blork the orc.
You feel sick.
Blork the orc gestures at you while chanting.
The puff of flame hits you but does no damage.
It was a potion of flight.
You feel very buoyant.
You fly up into the air.
You feel sick.
Blork the orc hits you with a +2 battleaxe of venom.
You are more poisoned.
It was a potion of degeneration.
There was something very wrong with that liquid.
You feel weakened.
You feel dopey.
You feel clumsy.
You feel very sick.
Blork the orc hits you but does no damage.
You are more poisoned.
It was a potion of cancellation.
Your magical effects are unravelling.
You feel magically purged.
You float gracefully downwards.
You feel very sick.
Blork the orc hits you with a +2 battleaxe of venom.
You are more poisoned.
* * * LOW HITPOINT WARNING * * *
You feel very sick.
Blink to where?
Press: ? - help, Dir - move target, p - Blork the orc
As you read the scroll of blinking, it crumbles to dust.
* * * LOW HITPOINT WARNING * * *
You feel very sick.
As you read the scroll labelled PEOTECUNAF, it crumbles to dust.
You feel strangely unstable.
It was a scroll of teleportation.
* * * LOW HITPOINT WARNING * * *
You feel very sick.
You die...
Kikubaaqudgha rasps: "You have failed me!
Welcome... death!"

#######.#.# #.#
##########.#.# #.#
...........#.# #.#
#.#.###.####.######.#
#. #.# #........# #
#.###.# ####..####
#.#.....# #..##.#
#....#..#######..#.#.#
####......@......o###.#
#..#########..#.#.##
#..# #..##.# #..#
#..##.# #..# ###..##.#
#..# #.......#### #..#
####.#....###.#
#..####.......#..#.#.#
# #.......#####.....#
#.#.


You could see Blork the orc.

Vanquished Creatures
  A hound (D:4)
  3 gnolls
  3 adders
  2 dart slugs (D:1)
  5 orcs (D:3)
  5 ball pythons
  2 bats
  8 endoplasms
  5 giant cockroaches
  6 goblins
  2 hobgoblins
  A quokka (D:1)
  3 frilled lizards
  7 rats
53 creatures vanquished.

Vanquished Creatures (others)
  3 plants (D:3)
3 creatures vanquished.

Grand Total: 56 creatures vanquished

Notes
Turn   | Place    | Note
-------+----------+-------------------------------------------
     0 | D:1      | Shayle the Gnoll Warper began the quest for the Orb.
     0 | D:1      | Reached XP level 1. HP: 20/20 MP: 6/6
   231 | D:1      | Reached XP level 2. HP: 26/26 MP: 7/7
   394 | D:1      | Found a faded altar of an unknown god.
   620 | D:2      | Reached XP level 3. HP: 15/31 MP: 9/9
   688 | D:2      | Reached skill level 5 in Spellcasting
  1062 | D:2      | Reached skill level 1 in Invocations
  1135 | D:2      | Reached skill level 1 in Short Blades
  1135 | D:2      | Reached skill level 1 in Long Blades
  1135 | D:2      | Reached skill level 1 in Axes
  1135 | D:2      | Reached skill level 1 in Maces & Flails
  1135 | D:2      | Reached skill level 1 in Polearms
  1135 | D:2      | Reached skill level 1 in Staves
  1135 | D:2      | Reached skill level 1 in Slings
  1135 | D:2      | Reached skill level 1 in Bows
  1135 | D:2      | Reached skill level 1 in Crossbows
  1135 | D:2      | Reached skill level 1 in Stealth
  1135 | D:2      | Reached skill level 1 in Shields
  1135 | D:2      | Reached skill level 1 in Evocations
  1480 | D:2      | Found an ancient bone altar of Kikubaaqudgha.
  1599 | D:2      | Became a worshipper of Kikubaaqudgha
  1661 | D:3      | Found Usosoiva's Armour Boutique.
  1664 | D:3      | Bought a +0 buckler for 54 gold pieces
  1682 | D:3      | Reached XP level 4. HP: 34/38 MP: 11/11
  1815 | D:3      | Found Laarch's Jewellery Emporium.
  1963 | D:3      | Reached skill level 1 in Conjurations
  1963 | D:3      | Reached skill level 1 in Hexes
  1963 | D:3      | Reached skill level 1 in Summonings
  1963 | D:3      | Reached skill level 1 in Necromancy
  1963 | D:3      | Reached skill level 1 in Transmutations
  1963 | D:3      | Reached skill level 1 in Fire Magic
  1963 | D:3      | Reached skill level 1 in Ice Magic
  1963 | D:3      | Reached skill level 1 in Air Magic
  1963 | D:3      | Reached skill level 1 in Earth Magic
  1963 | D:3      | Reached skill level 1 in Poison Magic
  2010 | D:3      | Found Sediej's Assorted Antiques.
  2109 | D:3      | Found Jaonly Ynle's Distillery.
  2166 | D:3      | Found Etupo's Book Emporium.
  2246 | D:3      | Reached XP level 5. HP: 32/43 MP: 12/12
  2525 | D:4      | Found a snail-covered altar of Cheibriados.
  2606 | D:4      | Noticed Blork the orc
  2614 | D:4      | HP: 1/43 [poisoned by Blork the orc]
  2615 | D:4      | Succumbed to Blork the orc's poison

Illustrated notes

Levels and vault maps discovered:
D:1:      amcnicky_arrival_double_pillar, layout_loops_ring,
          shapermc_ecumenical_altar_mp_ritualfount, minmay_statues_item
D:2:      layout_basic, basic_altar
D:3:      kennysheep_big_flooded_room, layout_loops_ring, serial_shops, shop,
          nicolae_square_shop, shop,
          nicolae_shop_temple_entry_statues_fountains, shop,
          nicolae_grassy_gnolls
D:4:      layout_loops_ring, mainiacjoe_overflow_surrounded_room, uniq_pikel,
          uniq_natasha, uniq_blork_the_orc

Skill      XL: |  1  2  3  4 |
---------------+-------------+-----
Spellcasting   | 5 |  5.2
Invocations    | 1 |  1.6
Short Blades   | 1 |  1.4
Long Blades    | 1 |  1.4
Axes           | 1 |  1.4
Maces & Flails | 1 |  1.4
Polearms       | 1 |  1.4
Staves         | 1 |  1.4
Slings         | 1 |  1.4
Bows           | 1 |  1.4
Crossbows      | 1 |  1.4
Stealth        | 1 |  1.4
Shields        | 1 |  1.4
Evocations     | 1 |  1.4
Conjurations   | 1 |  1.1
Hexes          | 1 |  1.1
Summonings     | 1 |  1.1
Necromancy     | 1 |  1.1
Transmutations | 1 |  1.1
Fire Magic     | 1 |  1.1
Ice Magic      | 1 |  1.1
Air Magic      | 1 |  1.1
Earth Magic    | 1 |  1.1
Poison Magic   | 1 |  1.1
Fighting       | |  4.7
Throwing       | |  2.9
Armour         | |  2.9
Dodging        | |  4.7
Unarmed Combat | |  4.7
Translocations | |  5.5

Action                   |  1- 3 |  4- 6 || total
-------------------------+-------+-------++-------
Melee: Unarmed           |   106 |    89 ||   195
       Bite              |    12 |    14 ||    26
       Punch             |     1 |       ||     1
Throw: Boomerang         |     4 |     1 ||     5
  Use: Potion            |       |     3 ||     3
       Scroll            |       |     2 ||     2
Armor: Chain mail        |    54 |    51 ||   105
Dodge: Dodged            |    23 |    20 ||    43
Block: Buckler           |       |    15 ||    15

Table legend: (Time is in decaauts)
 A = Elapsed time spent in this place.
 B = Non-inter-level travel time spent in this place.
 C = Inter-level travel time spent in this place.
 D = Time resting spent in this place.
 E = Time spent auto-exploring this place.
 F = Levels seen in this place.
 G = Mean time per level.
                   A        B        C        D        E       F      G
               +--------+--------+--------+--------+--------+-----+--------+
         Total |   2616 |   2557 |     59 |    185 |   1764 |   4 |  654.0 |
       Dungeon |   2616 |   2557 |     59 |    185 |   1764 |   4 |  654.0 |
               +--------+--------+--------+--------+--------+-----+--------+

Top non-repeatable levels by time:
     D:2: 1039 daAuts
     D:3: 846 daAuts
     D:1: 582 daAuts
     D:4: 148 daAuts
